 Dungeon Crawl Stone Soup version 0.19.1 (webtiles) character file.

48 JeffiDaFish the Shield-Bearer (level 3, -5/21 HPs)
             Began as a Gargoyle Fighter on Dec 15, 2016.
             Slain by a worm (10 damage)
             ... on level 2 of the Dungeon.
             The game lasted 00:03:17 (1594 turns).

JeffiDaFish the Shield-Bearer (Gargoyle Fighter)    Turns: 1594, Time: 00:03:18

Health: -5/21      AC: 14    Str: 19    XL:     3   Next: 72%
Magic:  3/3        EV:  5    Int:  8    God:
Gold:   102        SH:  9    Dex: 10    Spells: 0 memorised, 2 levels left

rFire  x . .     SeeInvis .     a - +0 flail
rCold  + . .     Gourm    .     n - +0 chain mail
rNeg   + . .     Faith    .     c - +0 shield
rPois  ∞         Spirit   .     (helmet restricted)
rElec  +         Reflect  .     l - +0 cloak
rCorr  .         Harm     .     (no gloves)
MR     .....     Rnd*Tele +     (no boots)
Stlth  ..........               (no amulet)
                                b - ring of ice
                                k - ring of teleportation (curse)

@: no status effects
A: horns 1, rugged brown scales 1, frail 1, negative energy resistance 1,
electricity resistance, unbreathing, petrification resistance, rot immunity, AC
+3
a: no special abilities


You were on level 2 of the Dungeon.
You were not hungry.

You visited 1 branch of the dungeon, and saw 2 of its levels.

You collected 102 gold pieces.

Inventory:

Hand Weapons
 a - a +0 flail (weapon)
Armour
 c - a +0 shield (worn)
 l - a +0 cloak (worn)
 n - a +0 chain mail (worn)
Jewellery
 b - a ring of ice (right hand)
 k - a cursed ring of teleportation (left hand)
Potions
 d - 2 potions of might
 e - a potion of agility
 o - a potion of haste
Comestibles
 f - a bread ration
 g - a slice of pizza
 h - 3 beef jerkies
 i - 2 fruits
 m - 2 royal jellies


   Skills:
 + Level 3.4 Fighting
 + Level 2.4 Maces & Flails
 + Level 3.7 Armour
 + Level 1.0 Dodging
 + Level 3.8 Shields


You had 2 spell levels left.
You didn't know any spells.

Dungeon Overview and Level Annotations

Branches:
Dungeon (2/15)

Altars:
Trog


Innate Abilities, Weirdness & Mutations

You are resistant to torment.
Your stone body is resilient. (AC +3)
You are immune to poison.
You resist negative energy. (rN+)
You are resistant to electric shocks. (rElec)
You can survive without breathing.
You are immune to petrification.
You are immune to rotting.
You have a pair of small horns on your head.
You are partially covered in rugged brown scales. (AC +1, +3% HP)
You are frail. (-10% HP)


Message History

You are too injured to fight recklessly!
You are too injured to fight recklessly!
You are too injured to fight recklessly!
You are too injured to fight recklessly!
You are too injured to fight recklessly!
You are too injured to fight recklessly!
You are too injured to fight recklessly!
You are too injured to fight recklessly!
You are too injured to fight recklessly!
You are too injured to fight recklessly!
You are too injured to fight recklessly!
You are too injured to fight recklessly!
You are too injured to fight recklessly!
You are too injured to fight recklessly!
Unknown command.
You hit the worm.
The worm is severely wounded.
The rat bites you but does no damage. You block the rat's attack. x2
The rat bites you but does no damage. The worm bites you!
You die...

#.# ####. #.# #. #.#
#. #.# #. ####.####
#. ##.......## #.
##.........## #.
#..r........# #.
#..w@###....### #.
#..r##y##...#.# #.
#....###....#.# #.
##.........##.#######
#.).._...)##........
##..)....###########
###)..### ####


You could see a moth of wrath, a worm (berserk) and 2 rats.

Vanquished Creatures
  An adder (D:2)
  2 worms (D:2)
  A dart slug (D:1)
  4 goblins
  4 hobgoblins (D:1)
  A ball python (D:2)
  5 bats
  5 frilled lizards
  5 kobolds (D:1)
  5 rats
33 creatures vanquished.

Notes
Turn   | Place    | Note
-------+----------+-------------------------------------------
     0 | D:1      | JeffiDaFish the Gargoyle Fighter began the quest for the Orb.
     0 | D:1      | Reached XP level 1. HP: 14/14 MP: 1/1
   357 | D:1      | Reached XP level 2. HP: 19/19 MP: 2/2
   533 | D:1      | Gained mutation: You are frail. (-10% HP) [potion of mutation]
   533 | D:1      | Gained mutation: You have a pair of small horns on your head. [potion of mutation]
   533 | D:1      | Gained mutation: You are partially covered in rugged brown scales. (AC +1, +3% HP) [potion of mutation]
   994 | D:1      | Reached XP level 3. HP: 21/21 MP: 3/3
  1028 | D:2      | Reached skill level 1 in Dodging
  1577 | D:2      | Noticed a moth of wrath
  1580 | D:2      | Found a bloodstained altar of Trog.
  1594 | D:2      | Slain by a worm

Skill      XL: |  1  2  3 |
---------------+----------+-----
Dodging        | 1 |  1.0
Fighting       | |  3.4
Maces & Flails | |  2.4
Armour         | |  3.7
Shields        | |  3.8

Action                   || total
-------------------------++-------
Melee: Flail             ||   136
       Headbutt          ||     8
  Use: Scroll            ||     4
       Potion            ||     5
  Eat: Chunk             ||     3
Armor: Scale mail        ||    68
       Chain mail        ||    27
Dodge: Dodged            ||    52
Block: Shield            ||    82
